 Dungeon Crawl Stone Soup version 0.30-a0-639-g3916f1956a (webtiles) character file.

Game seed: 708251013602805413

247 Mitcholas the Shooter (level 5, -1/31 HPs)
             Began as a Deep Elf Hunter on Jan 16, 2023.
             Was an Initiate of Okawaru.
             Succumbed to a scorpion's poison
             ... on level 5 of the Dungeon.
             The game lasted 00:05:22 (2649 turns).

Mitcholas the Shooter (Deep Elf Hunter)             Turns: 2649, Time: 00:05:22

Health: -1/31      AC: 10    Str:  8    XL:     5   Next: 85%
Magic:  6/6        EV: 11    Int: 12    God:    Okawaru [......]
Gold:   171        SH:  0    Dex: 20    Spells: 4/4 levels left

rFire   . . .      SeeInvis .    a - +0 shortbow
rCold   . . .      Faith    .    (shield currently unavailable)
rNeg    . . .      Spirit   .    m - +2 ring mail {Will+}
rPois   .          Reflect  .    r - +0 helmet
rElec   .          Harm     .    (no cloak)
rCorr   .          Rampage  .    (no gloves)
Will    +....                    (no boots)
Stlth   ++                       (no amulet)
HPRegen 0.25/turn                (no ring)
MPRegen 0.10/turn                (no ring)

@: mighty, lethally poisoned (-1 -> -16), attractive
A: iridescent scales 1, dopey 1, low MP 1
a: Renounce Religion


You were on level 5 of the Dungeon.
You worshipped Okawaru.
Okawaru was noncommittal.
You visited 1 branch of the dungeon, and saw 5 of its levels.

You collected 171 gold pieces.

Inventory:

Hand Weapons
 a - a +0 shortbow (weapon)
Armour
 m - a +2 ring mail of willpower (worn)
 r - a +0 helmet (worn)
Jewellery
 n - a ring of fire
Wands
 q - a wand of light (3)
Scrolls
 b - a scroll of immolation
 d - 6 scrolls of identify {unknown}
 e - a scroll of teleportation {unknown}
 i - 2 scrolls of poison {unknown}
 j - 2 scrolls of vulnerability {unknown}
 o - 2 scrolls of enchant armour {unknown}
 p - a scroll of brand weapon {unknown}
Potions
 c - a potion of mutation
 f - a potion of attraction
 g - a potion of might
 h - a potion of heal wounds {unknown}
 k - a potion of curing {unknown}
 l - a potion of experience {unknown}


   Skills:
 + Level 2.6 Fighting
 * Level 7.2 Ranged Weapons
 + Level 4.0 Dodging
 + Level 3.4 Stealth


You had 4 spell levels left.
You didn't know any spells.
Your spell library contained the following spells:

 Spells                   Type           Power      Damage    Failure   Level
 Beastly Appendage        Tmut           0%         N/A       71%         1
 Ignite Poison            Fire/Tmut/Pois 0%         N/A       97%         3
 Sticky Flame             Conj/Fire      0%         2d3       100%        4
 Ignition                 Fire           0%         3d3       100%        8


Dungeon Overview and Level Annotations

Branches:
Dungeon (5/15)
 Temple: D:4-7

Altars:
Cheibriados
Hepliaklqana
Kikubaaqudgha
Makhleb
Nemelex Xobeh
Okawaru
Sif Muna
Vehumet
Wu Jian
Zin

Shops:
D:1 [


Innate Abilities, Weirdness & Mutations

You are partially covered in iridescent scales. (AC +2)
You are dopey. (Int -2)
Your magical capacity is low. (-10% MP)


Message History

The scorpion stings you but does no damage.
The scorpion stings you.
You shoot an arrow. The arrow hits the scorpion!
The scorpion is almost dead.
You feel very sick.
The scorpion stings you but does no damage.
You shoot an arrow. The arrow hits the scorpion.
The scorpion is almost dead.
You feel sick. The scorpion stings you. The scorpion misses you.
You are too injured to fight recklessly!
You are too injured to fight recklessly!
You are too injured to fight recklessly!
You feel sick.
You feel sick. The scorpion attacks as you move away! The scorpion stings you.
You are lethally poisoned!
The scorpion poisons you!
You feel very sick. The scorpion closely misses you.
* * * LOW HITPOINT WARNING * * *
You feel very sick.
* * * LOW HITPOINT WARNING * * *
You feel sick.
There is a stone staircase leading up here.
Okay, then.
It was a potion of mutation.
You feel extremely strange.
You feel stupid.
You feel less energetic.
Iridescent scales grow over part of your body.
* * * LOW HITPOINT WARNING * * *
You feel sick. The scorpion closely misses you.
It was a potion of attraction.
You feel attractive to monsters.
* * * LOW HITPOINT WARNING * * *
You feel sick. The scorpion stings you.
* * * LOW HITPOINT WARNING * * *
You are more poisoned.
The scorpion poisons you!
It was a potion of might.
You feel very mighty all of a sudden.
You die...

##. ..
.. ###.
#.. #Y#
#.#
#####.#
#@sY..#
#.#####
#.# #.#
..# ###


You could see an ice beast and a scorpion.

Vanquished Creatures
  A phantom (D:4)
  An iguana (D:4)
  An orc wizard (D:4)
  A gnoll (D:1)
  3 adders
  2 dart slugs
  6 orcs
  5 endoplasms
  4 giant cockroaches
  6 goblins
  10 hobgoblins
  2 jackals (D:1)
  4 quokkas
  7 ball pythons
  8 bats
  5 frilled lizards
  4 kobolds
  4 rats
74 creatures vanquished.

Notes
Turn   | Place    | Note
-------+----------+-------------------------------------------
     0 | D:1      | Mitcholas the Deep Elf Hunter began the quest for the Orb.
     0 | D:1      | Reached XP level 1. HP: 12/12 MP: 3/3
    51 | D:1      | Found Hureitu's Armour Shop.
   136 | D:1      | Reached XP level 2. HP: 17/17 MP: 4/4
   261 | D:1      | Reached XP level 3. HP: 21/21 MP: 5/5
   498 | D:1      | Reached skill level 6 in Ranged Weapons
  1191 | D:2      | Reached XP level 4. HP: 26/26 MP: 6/6
  1474 | D:3      | Found an ancient bone altar of Kikubaaqudgha.
  1675 | D:3      | Found a snail-covered altar of Cheibriados.
  1918 | D:3      | Found a radiant altar of Vehumet.
  1919 | D:3      | Found a shimmering blue altar of Sif Muna.
  1926 | D:3      | Got Sif Muna's Catalogue of the Body
  2284 | D:4      | Noticed a phantom
  2291 | D:4      | Reached XP level 5. HP: 30/31 MP: 7/7
  2292 | D:4      | Killed a phantom
  2293 | D:4      | Reached skill level 7 in Ranged Weapons
  2446 | D:4      | Found a sparkling altar of Nemelex Xobeh.
  2448 | D:4      | Found a burning altar of Makhleb.
  2449 | D:4      | Found a hazy altar of Hepliaklqana.
  2449 | D:4      | Found an ornate altar of the Wu Jian Council.
  2450 | D:4      | Found an iron altar of Okawaru.
  2451 | D:4      | Found a glowing silver altar of Zin.
  2459 | D:4      | Became a worshipper of Warmaster Okawaru
  2626 | D:5      | Entered Level 5 of the Dungeon
  2636 | D:5      | Noticed an ice beast
  2647 | D:5      | Gained mutation: You are dopey. (Int -2) [potion of
                  | mutation]
  2647 | D:5      | Gained mutation: Your magical capacity is low. (-10% MP)
                  | [potion of mutation]
  2647 | D:5      | Gained mutation: You are partially covered in iridescent
                  | scales. (AC +2) [potion of mutation]
  2649 | D:5      | Succumbed to a scorpion's poison

Illustrated notes

Levels and vault maps discovered:
D:1:      nicolae_arrival_somewhat_less_tricky_arrival, layout_loops_ring,
          serial_shops, nicolae_shop_hallway_plus, minmay_tetromino_t2
D:2:      layout_basic
D:3:      layout_loops_ring, grunt_temple_overflow_magic_moments,
          mainiacjoe_overflow_brackets
D:4:      layout_cave_pools, grunt_temple_overflow_open,
          kennysheep_generic_room_9
D:5:      layout_loops_ring, minmay_temple_entry_glassed_door,
          hangedman_minor_gate_pass, uniq_ijyb

Skill      XL: |  1  2  3  4  5 |
---------------+----------------+-----
Stealth        | 2 3 |  3.4
Dodging        | 3 4 |  4.0
Fighting       | 2 |  2.6
Ranged Weapons | 6 7 |  7.2

Action                   |  1- 3 |  4- 6 || total
-------------------------+-------+-------++-------
 Fire: Shortbow          |    93 |    97 ||   190
  Use: Potion            |       |     3 ||     3
Armor: Leather armour    |     6 |       ||     6
       Ring mail         |       |    14 ||    14
Dodge: Dodged            |    15 |    23 ||    38

Table legend: (Time is in decaauts)
 A = Elapsed time spent in this place.
 B = Non-inter-level travel time spent in this place.
 C = Inter-level travel time spent in this place.
 D = Time resting spent in this place.
 E = Time spent auto-exploring this place.
 F = Levels seen in this place.
 G = Mean time per level.
                   A        B        C        D        E       F      G
               +--------+--------+--------+--------+--------+-----+--------+
         Total |   2704 |   2580 |    124 |      0 |   2161 |   5 |  540.8 |
       Dungeon |   2704 |   2580 |    124 |      0 |   2161 |   5 |  540.8 |
               +--------+--------+--------+--------+--------+-----+--------+

Top non-repeatable levels by time:
     D:1: 797 daAuts
     D:2: 702 daAuts
     D:3: 660 daAuts
     D:4: 519 daAuts
     D:5: 25 daAuts
